 Dungeon Crawl Stone Soup version 0.26-a0-663-g36e8fdb655 (webtiles) character file.

Game seed: 13614298261493748062

270 heikuro the Skirmisher (level 6, 0/49 HPs)
             Began as a Formicid Abyssal Knight on Oct 10, 2020.
             Was a Believer of Lugonu.
             Slain by a river rat (5 damage)
             ... on level 3 of the Dungeon.
             The game lasted 00:06:48 (4260 turns).

heikuro the Skirmisher (Formicid Abyssal Knight)    Turns: 4260, Time: 00:06:49

Health: 0/49       AC:  4    Str: 19    XL:     6   Next: 46%
Magic:  8/8        EV: 11    Int: 11    God:    Lugonu [**....]
Gold:   143        SH:  0    Dex: 10    Spells: 5/5 levels left

rFire    . . .     SeeInvis +   a - +1 spear
rCold    . . .     Faith    .   (no shield)
rNeg     . . .     Spirit   .   j - +0 leather armour (curse)
rPois    .         Reflect  .   (helmet unavailable)
rElec    .         Harm     .   (no cloak)
rCorr    .         Rampage  .   n - +0 pair of gloves
MR       .....                  (no boots)
Stlth    +.........             (no amulet)
HPRegen  0.16/turn              (no ring)
MPRegen  0.11/turn              (no ring)

@: lightly drained
A: permanent stasis, dig shafts and tunnels, four strong arms, antennae 3
a: Dig, Shaft Self, Depart the Abyss, Bend Space, Renounce Religion


You were on level 3 of the Dungeon.
You worshipped Lugonu.
Lugonu was pleased with you.
You visited 1 branch of the dungeon, and saw 4 of its levels.
You visited the Abyss 1 time.

You collected 143 gold pieces.

Inventory:

Hand Weapons
 a - a +1 spear (weapon)
 b - a +2 hunting sling of freezing
Missiles
 c - 7 javelins
 k - 52 stones
 q - 33 poisoned darts (quivered)
 r - 18 sling bullets
Armour
 j - a cursed +0 leather armour (worn)
 n - a +0 pair of gloves (worn)
 p - a cursed +0 ring mail
 x - a +0 plate armour
Jewellery
 s - an uncursed ring of positive energy {unknown}
 w - an uncursed ring of wizardry
Scrolls
 f - a scroll of identify
 o - a scroll of noise {unknown}
 t - a scroll of fog {unknown}
 u - a scroll of amnesia {unknown}
Potions
 e - a potion of flight
 h - a potion of invisibility
 i - a potion of magic
 v - a potion of heal wounds {unknown}


   Skills:
 + Level 4.3(4.2) Fighting
 * Level 4.1(4.0) Polearms
 + Level 1.2(1.1) Slings
 + Level 3.4(3.3) Armour
 - Level 1.0(0.8) Dodging
 + Level 3.7(3.5) Invocations


You had 5 spell levels left.
You didn't know any spells.
Your spell library was empty.

Dungeon Overview and Level Annotations

Branches:
Dungeon (4/15)             Temple (0/1) D:4

Altars:
Fedhas

Annotations:
D:4 Blork the orc, Grinder


Innate Abilities, Weirdness & Mutations

You cannot be hasted, slowed, berserked, paralysed or teleported.
You can dig through walls and to a lower floor.
Your four strong arms can wield two-handed weapons with a shield.
You have a pair of large antennae on your head. (SInv)


Message History

Okay, then.
You closely miss the river rat.
The river rat is heavily wounded.
The river rat bites you.
* * * LOW HITPOINT WARNING * * *
Okay, then.
Okay, then.
There is a stone staircase leading up here.
The river rat barely misses you.
You climb upwards.
There is a stone staircase leading down here.
Fire/throw which item? (* to show all) (? for menu, Esc to quit)
Throwing (i - inventory. (/) - cycle)
q - 34 poisoned darts (quivered)
Press: ? - help, Shift-Dir - straight line, f - river rat
Aim: a river rat (moderately wounded)
You throw a poisoned dart. The poisoned dart hits the river rat.
The river rat is poisoned.
The river rat is moderately wounded.
The river rat bites you.
You die...

..##.#########.....####.##......#
####.#......>##....##<......#.#..
.....#.#####..####..#.#.###.#.###
######[#####..........#.......#
#.##.......##.......##.###
#.##.##...#...##.##.##.#
#.##.##..##.####.##.##.#
#.......###r# #.......#
####.######@#########.##
#....#.....# #.#
#########.#.....# #.#
#...............# #.#
#.####..#.#.....# #.#
#.####..#.#.....# #.#
#.##......##.#### ##.#
#.......##..>## #..#
#.##.#..#.....## #.##


You could see a river rat (poisoned).

Vanquished Creatures
  A scorpion (D:4)
  A howler monkey (D:2)
  2 orc wizards
  Robin (D:2)
  4 adders
  A worm (D:2)
  5 dart slugs
  A leopard gecko (D:1)
  2 orcs
  2 bats
  3 giant cockroaches
  12 goblins
  14 hobgoblins
  A quokka (D:3)
  2 ball pythons (D:1)
  4 frilled lizards
  6 kobolds
  6 rats
68 creatures vanquished.

Notes
Turn   | Place    | Note
-------+----------+-------------------------------------------
     0 | Abyss:1  | heikuro the Formicid Abyssal Knight began the quest for the
                  | Orb.
     0 | Abyss:1  | Reached XP level 1. HP: 18/18 MP: 2/2
     0 | Abyss:1  | Found a corrupted altar of Lugonu.
    54 | Abyss:1  | Noticed a raiju
    54 | Abyss:1  | Noticed a large abomination
    54 | Abyss:1  | Noticed a large abomination
    54 | Abyss:1  | Noticed a worldbinder
    55 | D:1      | Escaped the Abyss
   175 | D:1      | Reached * piety under Lugonu
   194 | D:1      | Reached skill level 1 in Dodging
   217 | D:1      | Reached XP level 2. HP: 24/24 MP: 3/3
   614 | D:1      | Reached XP level 3. HP: 29/29 MP: 4/4
  1403 | D:2      | Found a blossoming altar of Fedhas.
  1570 | D:2      | Reached XP level 4. HP: 31/37 MP: 6/6
  1609 | D:2      | Reached ** piety under Lugonu
  1768 | D:2      | Noticed Robin
  1961 | D:2      | Reached XP level 5. HP: 37/42 MP: 7/7
  2281 | D:2      | Killed Robin
  2895 | D:3      | Reached XP level 6. HP: 26/48 MP: 8/8
  3057 | D:3      | Reached skill level 1 in Slings
  3982 | D:4      | Noticed Grinder
  4031 | D:4      | Noticed Blork the orc
  4242 | D:4      | HP: 2/49 [river rat (5)]
  4260 | D:3      | Slain by a river rat

Illustrated notes

Levels and vault maps discovered:
D:1:      lemuel_arrival_river_ford, layout_rooms, grunt_decor_clamped,
          kennysheep_nondescript, minmay_tromino_v4_a
D:2:      layout_loops_ring, lemuel_crystal_altar, uniq_robin
D:3:      layout_loops_cross, minmay_misc_feat_rugged
D:4:      layout_cave_pools, minmay_temple_entry_slanted,
          lightli_sewer_entry_pipes, grunt_ministairs_7, chequers_mini_garden,
          uniq_blork_the_orc, uniq_grinder

Skill      XL: |  1  2  3  4  5  6 |
---------------+-------------------+-----
Dodging        | 1 |  1.0
Polearms       | 3 4 |  4.1
Invocations    | 3 |  3.7
Armour         | 3 |  3.4
Fighting       | 4 |  4.3
Slings         | 1 |  1.2

Action                   |  1- 3 |  4- 6 || total
-------------------------+-------+-------++-------
Melee: Spear             |   115 |   143 ||   258
 Fire: Hunting sling     |       |    22 ||    22
Throw: Javelin           |     5 |       ||     5
       Dart              |       |     7 ||     7
Invok: Depart the Abyss  |     1 |       ||     1
 Abil: Dig               |       |     2 ||     2
  Use: Scroll            |       |     7 ||     7
 Stab: Sleeping          |       |     1 ||     1
Armor: Leather armour    |    28 |    25 ||    53
Dodge: Dodged            |    49 |    70 ||   119

Table legend: (Time is in decaauts)
 A = Elapsed time spent in this place.
 B = Non-inter-level travel time spent in this place.
 C = Inter-level travel time spent in this place.
 D = Time resting spent in this place.
 E = Time spent auto-exploring this place.
 F = Levels seen in this place.
 G = Mean time per level.
                   A        B        C        D        E       F      G
               +--------+--------+--------+--------+--------+-----+--------+
         Total |   4263 |   4059 |    204 |   1810 |   1446 |   5 |  852.6 |
       Dungeon |   4208 |   4004 |    204 |   1810 |   1404 |   4 | 1052.0 |
         Abyss |     55 |     55 |      0 |      0 |     42 |   1 |   55.0 |
               +--------+--------+--------+--------+--------+-----+--------+

Top non-repeatable levels by time:
     D:2: 1520 daAuts
     D:3: 1361 daAuts
     D:1: 1253 daAuts
     D:4: 72 daAuts
 Abyss:1: 55 daAuts
